Map: Merry Go Round LE

Players

meowmeowcute - Winner!

  • Race: Protoss Protoss
  • Spawn Location: 11:00

A.I. 1 (Medium)

  • Race: Zerg Zerg
  • Spawn Location: 1:00

VOD

Have the link to the VOD?

Description

Time

  • Played on: June 26, 2018, 3:20 p.m.
  • Length: 38:11
Show
View Real Time Build Order
Export as new Build Order

meowmeowcute Protoss - Winner!

Build Orders: Double Forge 

Get SALT Encoding   

  12  0:19  Probe  
  12  0:24  Pylon  
  12  0:28  Probe  
  14  0:37  Assimilator, Probe  
  15  0:47  Assimilator  
  15  0:49  Probe  
  16  1:01  Gateway, Probe  
  17  1:29  Forge, Probe  
  17  1:37  Probe  
  18  1:44  Pylon  
  19  1:47  Probe  
  19  1:49  Pylon  
  20  2:14  Probe  
  20  2:19  Cybernetics Core  
  21  2:23  Probe  
  21  2:24  Zealot  
  24  2:32  Probe  
  25  2:47  Probe  
  26  2:51  Pylon  
  26  2:52  Zealot, Warp Gate  
  28  3:00  Probe  
  29  3:06  Protoss Shields Level 1  
  29  3:12  Probe  
  30  3:24  Gateway  
  30  3:26  Forge  
  30  3:28  Probe  
  31  3:40  Probe  
  32  3:52  Probe  
  33  3:58  Pylon  
  33  4:00  Pylon  
  33  4:03  Pylon  
  33  4:09  Sentry  
  35  4:13  Sentry  
  35  4:15  Probe  
  38  4:30  Twilight Council  
  38  4:40  Stargate  
  38  4:42  Stargate  
  38  4:57  Nexus  
  38  5:03  Probe  
  38  5:04  Assimilator  
  39  5:08  Assimilator  
  39  5:10  Protoss Ground Armor Level 1  
  39  5:11  Probe  
  39  5:19  Stalker  
  39  5:20  Probe  
  42  5:26  Stalker  
  45  5:33  Probe  
  46  5:45  Probe  
  36  6:02  Zealot x2  
  35  6:25  Void Ray  
  35  6:26  Void Ray  
  41  7:04  Protoss Ground Weapons Level 1  
  41  7:06  Protoss Ground Armor Level 2  
  41  7:08  Gateway  
  41  7:11  Probe  
  41  7:13  Gateway  
  42  7:17  Probe  
  42  7:19  Probe  
  43  7:25  Probe  
  43  7:29  Probe  
  45  7:35  Probe  
  46  7:38  Protoss Air Armor Level 1  
  46  7:41  Probe  
  48  7:47  Probe  
  49  7:53  Probe  
  50  7:59  Probe  
  50  8:02  Fleet Beacon  
  51  8:31  Templar Archives  
  51  8:38  Zealot  
  51  8:39  Zealot  
  55  8:48  Graviton Catapult  
  55  8:55  Void Ray x2  
  55  9:02  Zealot  
  65  9:03  Zealot x2  
  65  9:04  Zealot  
  65  9:05  Probe  
  72  9:13  Probe  
  72  9:22  Probe  
  73  9:27  Protoss Shields Level 2  
  74  9:33  Protoss Air Weapons Level 1  
  74  9:34  Probe  
  74  9:38  Nexus  
  75  9:46  Probe  
  72  10:00  Zealot  
  72  10:01  Zealot x2  
  72  10:02  Zealot  
  66  10:26  Zealot  
  66  10:27  Zealot x2  
  66  10:28  Zealot  
  74  10:48  Probe  
  74  10:52  Probe  
  74  10:56  Probe  
  76  11:00  Probe  
  77  11:05  Probe  
  77  11:09  Phoenix  
  77  11:10  Phoenix  
  83  11:11  Probe  
  83  11:12  Nexus  
  83  11:17  Probe  
  85  11:23  Probe  
  86  11:26  Protoss Air Armor Level 2  
  86  11:31  Pylon  
  86  11:34  Pylon  
  86  11:37  Assimilator  
  86  11:43  Assimilator  
  86  11:45  Probe  
  86  11:49  Phoenix, Probe  
  90  11:57  Probe  
  90  11:59  Pylon  
  91  12:06  Pylon  
  91  12:09  Probe  
  92  12:21  Psionic Storm, Probe  
  93  12:27  High Templar  
  93  12:28  High Templar  
  93  12:29  High Templar  
  99  12:30  High Templar  
  99  12:33  Probe  
  102  12:37  Charge  
  102  12:51  Protoss Shields Level 3  
  102  12:54  Protoss Ground Weapons Level 2  
  102  13:00  Probe  
  103  13:08  Probe  
  103  13:10  High Templar  
  103  13:11  High Templar  
  103  13:12  High Templar  
  109  13:13  High Templar  
  112  13:20  Phoenix  
  112  13:21  Phoenix  
  115  13:45  Phoenix  
  115  13:46  Phoenix  
  80  14:28  Nexus  
  80  14:35  Zealot x2  
  80  14:36  Zealot  
  86  14:45  Assimilator  
  86  14:55  Phoenix x2  
  90  15:02  Zealot  
  90  15:03  Zealot x2  
  90  15:06  Zealot  
  98  15:20  Phoenix x2  
  102  15:29  Stalker  
  102  15:30  Stalker  
  102  15:32  Stalker  
  102  15:33  Stalker  
  110  15:45  Phoenix x2  
  110  15:46  Probe  
  114  15:55  Stalker, Probe  
  114  15:56  Stalker  
  114  15:57  Stalker x2  
  124  16:04  Probe  
  125  16:15  Protoss Ground Weapons Level 3  
  125  16:17  Protoss Ground Armor Level 3  
  125  16:35  Pylon  
  125  16:39  Pylon  
  125  16:43  Pylon  
  125  16:46  Blink  
  125  16:53  Probe  
  126  17:04  Probe  
  126  17:05  Probe  
  125  17:16  Probe  
  115  17:28  Probe  
  94  17:40  Probe  
  85  17:52  Probe  
  82  18:28  Nexus  
  82  18:31  Assimilator  
  82  18:35  Assimilator  
  82  18:38  Stalker  
  82  18:39  Stalker x2  
  82  18:40  Stalker  
  84  18:47  Resonating Glaives  
  48  19:33  Stalker x2  
  48  19:34  Stalker  
  50  19:56  Tempest x2  
  62  20:10  Robotics Facility  
  62  20:12  Robotics Facility  
  62  20:24  Stalker  
  62  20:25  Stalker  
  62  20:26  Stalker  
  68  20:38  Tempest, Probe  
  68  20:39  Tempest  
  81  20:46  Probe  
  81  20:55  Probe  
  83  21:07  Probe  
  82  21:21  Tempest  
  82  21:49  Nexus  
  66  23:32  Nexus  
  66  23:34  Immortal  
  70  23:45  Mothership  
  70  23:55  Assimilator  
  70  23:59  Assimilator  
  78  24:19  Immortal  
  82  24:27  Immortal  
  86  24:40  Probe  
  86  24:42  Assimilator  
  87  24:46  Assimilator  
  87  24:48  Probe  
  88  24:56  Probe  
  89  25:08  Pylon  
  89  25:11  Immortal  
  89  25:12  Pylon, Probe  
  90  25:14  Pylon  
  90  25:24  Probe  
  95  25:36  Probe  
  84  25:48  Probe  
  85  25:54  Stalker  
  85  25:55  Stalker  
  85  25:56  Stalker  
  87  26:00  Stalker, Probe  
  90  26:24  Stalker  
  90  26:25  Stalker  
  92  26:28  Stalker  
  92  26:30  Stalker  
  96  26:36  Probe  
  97  26:45  Photon Cannon  
  97  26:47  Photon Cannon  
  97  26:48  Probe  
  97  26:49  Photon Cannon  
  98  26:55  Tempest  
  98  27:00  Probe  
  105  27:12  Probe  
  106  27:24  Probe  
  106  27:29  Stalker  
  109  27:33  Zealot  
  109  27:34  Zealot  
  109  27:35  Zealot  
  115  27:38  Robotics Facility  
  115  27:57  Zealot  
  117  28:10  Robotics Facility  
  117  28:16  Pylon  
  117  28:19  Pylon  
  117  28:26  Pylon  
  117  28:42  Void Ray  
  117  28:43  Void Ray  
  125  29:04  Probe  
  126  29:12  Probe  
  127  29:22  Probe  
  127  29:25  Void Ray, Zealot  
  127  29:26  Zealot  
  127  29:27  Zealot x2  
  140  29:34  Probe  
  140  29:36  Dark Shrine  
  140  29:46  Probe  
  140  29:51  Immortal  
  141  29:57  Immortal  
  139  31:08  Nexus  
  139  31:12  Dark Templar  
  141  31:24  Pylon  
  141  31:26  Pylon  
  141  31:29  Pylon  
  141  31:33  Pylon  
  137  32:20  Dark Templar  
  137  32:21  Dark Templar  
  137  32:22  Dark Templar x2  
  123  32:59  Dark Templar x2  
  123  33:00  Dark Templar  
  123  33:04  Tempest x2  
  141  33:21  Probe  
  142  33:29  Probe  
  143  33:38  Probe  
  143  33:47  Void Ray x2  
  152  33:50  Dark Templar x2, Probe  
  152  33:51  Dark Templar  
  152  33:52  Dark Templar  
  161  34:02  Probe  
  160  34:05  Immortal x2  
  168  34:44  Immortal  
  172  35:34  Probe  
  172  35:40  Assimilator  
  172  35:42  Probe  
  173  35:44  Assimilator  
  174  35:52  Probe  
  174  35:55  Dark Templar  
  174  35:56  Dark Templar x2  
  181  35:58  Dark Templar  
  181  36:04  Immortal, Probe  
  180  36:05  Immortal  
  188  36:16  Probe  
  185  36:43  Dark Templar x2  
  187  37:18  Pylon  
  187  37:21  Pylon  
  187  37:23  Pylon  
Show
View Real Time Build Order
Export as new Build Order

A.I. 1 (Medium) Zerg 

Build Orders: Pool First 

Get SALT Encoding   

  12  0:00  Drone  
  13  0:12  Overlord  
  13  0:17  Drone  
  14  0:30  Drone  
  14  0:33  Drone  
  16  0:43  Spawning Pool  
  16  0:45  Drone  
  16  0:49  Drone  
  17  0:52  Extractor  
  17  0:55  Drone  
  17  1:06  Overlord  
  17  1:31  Queen, Zergling x2  
  20  1:37  Roach Warren  
  20  1:38  Drone  
  20  1:42  Zergling x2  
  20  1:43  Extractor  
  20  1:49  Drone  
  21  2:00  Drone  
  22  2:10  Overlord  
  22  2:21  Roach  
  24  2:31  Baneling Nest  
  24  2:32  Roach  
  24  2:33  Evolution Chamber  
  24  2:38  Drone  
  24  2:41  Drone  
  24  2:44  Drone  
  27  2:46  Drone  
  27  2:47  Ravager  
  29  2:54  Roach  
  31  3:05  Ravager, Overlord  
  32  3:10  Roach  
  34  3:13  Drone  
  34  3:17  Drone  
  36  3:21  Drone  
  37  3:27  Drone  
  38  5:03  Lair, Overlord, Drone  
  38  5:04  Spore Crawler  
  38  5:06  Spore Crawler, Drone  
  38  5:08  Drone  
  38  5:11  Drone  
  40  5:14  Evolution Chamber, Drone  
  40  5:22  Overlord  
  40  5:30  Spine Crawler  
  40  5:31  Drone  
  40  5:38  Spine Crawler  
  40  5:40  Drone  
  39  5:44  Zergling x2  
  37  5:57  Roach  
  37  6:00  Queen, Overseer x2  
  41  6:05  Hydralisk Den  
  41  6:07  Infestation Pit, Drone  
  41  6:10  Spire, Drone  
  40  6:31  Hatchery  
  40  6:32  Drone  
  40  6:35  Ravager  
  40  6:36  Roach  
  37  6:49  Hydralisk  
  37  7:03  Roach  
  39  7:16  Hydralisk  
  41  7:29  Hydralisk  
  43  7:43  Queen, Hydralisk, Drone  
  48  7:46  Drone  
  48  7:49  Extractor, Drone  
  49  7:52  Drone  
  49  7:54  Spore Crawler  
  49  7:55  Spore Crawler, Drone  
  49  7:56  Extractor  
  49  7:57  Ravager, Drone  
  49  7:58  Roach  
  52  8:00  Drone  
  52  8:03  Drone  
  54  8:06  Drone  
  54  8:09  Drone  
  54  8:12  Drone  
  57  8:15  Drone  
  57  8:18  Drone  
  57  8:19  Spine Crawler  
  58  8:20  Drone  
  58  8:21  Spine Crawler  
  58  8:23  Drone  
  58  8:26  Drone  
  60  8:27  Overlord  
  60  8:29  Drone  
  61  8:36  Drone  
  61  8:39  Drone  
  63  8:46  Drone  
  64  8:49  Drone  
  64  8:52  Drone  
  64  8:55  Drone  
  67  8:56  Overlord  
  67  8:58  Drone  
  68  9:03  Drone  
  68  9:08  Drone  
  70  9:14  Drone  
  71  9:27  Roach, Overlord x2, Overseer, Pneumatized Carapace  
  71  9:28  Zerg Melee Weapons Level 1  
  73  9:33  Roach  
  73  9:34  Zerg Ground Armor Level 1  
  75  9:40  Roach  
  75  9:41  Burrow  
  77  9:46  Roach  
  81  9:53  Roach  
  81  9:59  Roach  
  83  10:06  Roach  
  84  10:12  Hive, Infestor  
  84  10:19  Zergling x2  
  69  10:25  Hydralisk  
  71  10:31  Hydralisk  
  73  10:38  Roach  
  75  10:44  Hydralisk  
  77  10:50  Hydralisk  
  79  10:58  Roach  
  81  11:22  Zerg Missile Weapons Level 1  
  81  11:23  Greater Spire  
  81  11:25  Ultralisk Cavern  
  80  11:27  Hatchery  
  79  12:38  Spire  
  79  12:39  Drone  
  79  12:40  Queen  
  79  12:42  Drone  
  82  12:45  Drone  
  82  12:48  Drone  
  82  12:49  Extractor  
  82  12:51  Drone  
  84  12:54  Drone  
  84  12:56  Spore Crawler  
  84  12:57  Drone  
  85  13:00  Spore Crawler, Drone  
  85  13:01  Extractor  
  85  13:03  Drone  
  85  13:06  Drone  
  85  13:08  Drone  
  85  13:11  Drone  
  88  13:13  Corruptor  
  88  13:14  Zerg Melee Weapons Level 2, Overlord, Drone  
  88  13:16  Zerg Ground Armor Level 2  
  88  13:17  Drone  
  92  13:23  Corruptor  
  92  13:24  Spine Crawler, Drone  
  94  13:27  Spine Crawler, Drone  
  94  13:32  Infestor, Overlord, Drone  
  93  13:51  Brood Lord  
  93  13:52  Overlord, Corruptor  
  92  14:02  Zergling x2  
  83  14:08  Overseer  
  81  14:11  Infestor  
  81  14:15  Zerg Flyer Weapons Level 1  
  77  14:21  Brood Lord  
  77  14:24  Overseer  
  79  14:31  Brood Lord, Corruptor  
  81  14:40  Corruptor  
  83  14:52  Zerg Flyer Armor Level 1  
  83  15:09  Corruptor  
  83  15:10  Brood Lord  
  87  15:19  Brood Lord, Corruptor  
  91  15:30  Zerg Missile Weapons Level 2  
  91  15:32  Zerg Melee Weapons Level 3  
  91  16:08  Zerg Flyer Weapons Level 2  
  91  16:46  Zerg Flyer Armor Level 2  
  91  16:50  Hatchery  
  90  17:00  Ultralisk, Overlord  
  96  17:09  Hydralisk  
  98  17:18  Overlord  
  98  17:20  Ultralisk  
  99  17:30  Ultralisk  
  103  17:38  Overlord  
  103  17:40  Hydralisk  
  101  17:46  Zerg Ground Armor Level 3  
  101  17:50  Zergling x2  
  94  17:56  Overseer  
  90  17:58  Overlord  
  90  18:00  Ultralisk  
  90  18:03  Queen, Drone  
  95  18:05  Overseer  
  95  18:09  Zerg Missile Weapons Level 3  
  95  18:11  Ultralisk  
  101  18:17  Overlord, Extractor  
  101  18:18  Drone  
  99  18:21  Ultralisk  
  105  18:29  Spore Crawler, Drone  
  105  18:30  Spore Crawler, Hydralisk  
  105  18:32  Extractor, Drone  
  106  18:35  Overlord, Drone  
  106  18:40  Hydralisk  
  108  18:51  Zergling x2  
  108  18:54  Overlord  
  108  18:55  Spine Crawler  
  106  18:56  Drone  
  106  18:58  Spine Crawler  
  106  19:00  Hydralisk, Drone  
  107  19:10  Hydralisk  
  107  19:16  Overlord  
  103  19:21  Ultralisk  
  109  19:30  Hydralisk  
  109  22:12  Hydralisk  
  103  22:22  Hydralisk  
  103  22:28  Overlord  
  99  22:32  Hydralisk, Overseer  
  101  22:42  Hydralisk  
  91  22:44  Overseer  
  91  22:46  Overlord  
  91  22:53  Ultralisk  
  91  23:03  Ultralisk  
  91  23:04  Hatchery  
  90  23:05  Overlord  
  90  23:13  Ultralisk  
  90  23:19  Overseer  
  96  23:23  Ultralisk  
  96  23:25  Overlord, Overseer  
  101  23:43  Zergling x2, Overlord  
  102  23:54  Ultralisk  
  108  24:02  Overlord  
  108  24:13  Overseer  
  108  24:16  Queen, Drone  
  111  24:30  Extractor  
  111  24:31  Drone  
  111  24:33  Spore Crawler  
  111  24:34  Drone  
  111  24:36  Spore Crawler  
  111  24:37  Overseer, Overlord, Drone  
  111  24:39  Extractor  
  111  24:40  Drone  
  111  25:01  Spine Crawler  
  111  25:02  Drone  
  111  25:03  Spine Crawler, Ultralisk  
  111  25:05  Drone  
  111  25:07  Overlord, Overseer  
  111  25:08  Roach  
  111  25:14  Roach  
  115  25:18  Ultralisk  
  115  25:19  Infestor  
  117  25:25  Infestor, Overlord  
  119  25:31  Roach  
  119  25:32  Overseer  
  120  25:38  Roach  
  116  25:44  Zergling x2, Overlord  
  109  25:50  Infestor  
  111  25:58  Infestor  
  111  26:02  Overseer  
  103  26:04  Roach, Overlord  
  103  26:10  Roach  
  105  26:15  Hydralisk  
  95  26:20  Viper  
  95  26:21  Infestor  
  95  26:24  Overlord  
  94  26:26  Overseer  
  94  26:27  Infestor  
  96  26:33  Infestor  
  96  26:38  Infestor  
  100  26:43  Overlord  
  100  26:44  Hydralisk  
  102  26:50  Roach  
  104  26:56  Infestor  
  106  27:02  Roach  
  106  27:07  Infestor  
  110  28:48  Hatchery  
  110  28:55  Overlord, Overseer  
  109  29:17  Hydralisk, Overseer, Overlord  
  109  29:21  Hydralisk  
  113  29:35  Hydralisk, Overlord  
  114  29:39  Hydralisk  
  114  29:44  Zergling x2  
  115  29:48  Hydralisk  
  115  29:51  Overseer  
  115  29:52  Hydralisk  
  100  29:57  Overseer  
  100  29:58  Roach  
  100  29:59  Overseer  
  86  30:02  Roach, Overlord x2  
  86  30:03  Queen, Drone  
  86  30:07  Roach  
  87  30:09  Extractor  
  87  30:10  Spore Crawler, Drone  
  87  30:11  Infestor  
  87  30:13  Spore Crawler, Drone  
  88  30:16  Roach, Drone  
  88  30:19  Extractor  
  88  30:20  Roach, Drone  
  93  30:24  Roach  
  95  30:30  Ravager x2, Overlord  
  95  30:31  Roach  
  95  30:35  Roach  
  101  30:37  Spine Crawler  
  101  30:38  Drone  
  101  30:39  Ravager x2, Spine Crawler  
  101  30:40  Roach  
  101  30:41  Drone  
  105  30:44  Roach  
  107  31:55  Queen, Spine Crawler, Drone  
  107  31:58  Overseer, Drone  
  107  31:59  Overlord  
  107  32:01  Spore Crawler, Drone  
  102  32:04  Drone  
  102  32:07  Drone  
  104  32:10  Drone  
  104  32:13  Zergling x2, Drone  
  93  32:16  Drone  
  93  32:17  Hydralisk, Extractor  
  93  32:19  Drone  
  93  32:22  Hydralisk, Drone  
  84  32:24  Overseer  
  84  32:25  Drone  
  84  32:26  Hydralisk  
  84  32:27  Overlord  
  84  32:28  Drone  
  86  32:31  Hydralisk, Drone  
  86  32:36  Roach, Overseer  
  90  32:39  Spore Crawler  
  89  32:46  Hydralisk  
  89  32:47  Overlord  
  89  32:49  Overseer  
  91  32:51  Overseer  
  91  32:52  Overlord  
  91  32:58  Hatchery  
  90  33:10  Roach, Overlord  
  90  33:11  Extractor  
  91  33:14  Hydralisk  
  93  33:22  Ravager, Extractor  
  93  33:28  Roach, Overlord  
  93  33:30  Overseer  
  92  33:39  Ravager  
  93  33:42  Infestor  
  93  33:43  Hatchery  
  93  33:47  Overseer  
  93  33:48  Roach, Overlord  
  92  33:52  Roach  
  92  33:53  Extractor  
  89  33:56  Roach  
  89  33:58  Overseer  
  89  34:02  Roach  
  86  34:06  Spore Crawler, Queen, Roach, Overlord, Drone  
  86  34:09  Drone  
  71  34:11  Roach  
  71  34:12  Drone  
  71  34:15  Infestor, Drone  
  69  34:18  Drone  
  69  34:19  Infestor  
  69  34:21  Overseer, Drone  
  73  34:24  Overlord  
  73  34:31  Overlord  
  73  34:36  Overseer  
  73  34:37  Overseer  
  72  34:43  Zergling x2  
  71  34:48  Overlord  
  71  34:53  Hydralisk, Overseer  
  71  34:58  Hydralisk  
  71  35:01  Overlord  
  71  35:09  Overseer  
  71  35:11  Hydralisk  
  71  35:13  Drone  
  67  35:16  Overseer  
  67  35:18  Overlord  
  67  35:19  Overseer  
  63  35:23  Drone  
  62  35:28  Hydralisk  
  62  35:29  Drone  
  62  35:32  Drone  
  62  35:35  Drone  
  63  35:37  Overlord  
  63  35:38  Drone  
  63  35:41  Overlord, Overseer  
  65  35:43  Overseer  
  61  35:55  Overlord x2  
  56  36:01  Drone  
  56  36:02  Roach  
  29  36:04  Drone  
  29  36:10  Spore Crawler  
  19  36:13  Drone  
  19  36:16  Drone  
  23  36:19  Drone  
  23  36:22  Drone  
  25  36:29  Overseer  
  20  36:32  Hatchery  
  20  36:35  Roach  
  20  36:37  Overlord  
  20  36:38  Drone  
  14  36:42  Roach  
  16  36:49  Spore Crawler, Roach  
  17  36:55  Overlord, Drone  
  17  36:56  Mutalisk  
  17  36:58  Overseer  
  20  37:01  Overseer  
  20  37:02  Spore Crawler, Drone  
  20  37:03  Hydralisk  
  22  37:13  Overlord, Drone  
  22  37:15  Ultralisk  
  28  37:17  Drone  
  23  37:32  Overlord, Drone  
  23  37:33  Zergling x2  
  23  37:35  Drone  
  20  37:38  Drone  
  20  37:40  Overseer  
  17  37:44  Hydralisk, Drone  
  17  37:45  Hatchery  
  17  37:47  Drone  
  17  37:50  Drone  
  17  37:56  Extractor  
  16  38:01  Evolution Chamber  
Tags
 
Add a new tag
Caveats
  • Supply blocks, unpowered buildings, or Contaminate may cause inaccurate times.
  • Supply counts are checked every 10 seconds.